 Dungeon Crawl Stone Soup version 0.15.2 (webtiles) character file.

7681 magipi the Cleaver (level 11, -2/93 HPs)
             Began as a Vine Stalker Berserker on Sept 29, 2015.
             Was the Champion of Trog.
             Slain by a red ugly thing (16 damage)
             ... on Level 10 of the Dungeon.
             The game lasted 00:46:32 (5757 turns).

magipi the Cleaver (Vine Stalker Berserker)         Turns: 5757, Time: 00:46:32

HP  -2/93        AC 13     Str 25      XL: 11   Next: 19%
MP   0/8         EV 10     Int  7      God: Trog [******]
Gold 401         SH  0     Dex 17      Spells:  0 memorised, 10 levels left

rFire  . . .     SeeInvis +     a - +2 broad axe (antimagic)
rCold  + . .     Clarity  .     k - +1 ring mail {rC+}
rNeg   . . .     rCorr    .     (no shield)
rPois  +         rRot     +     (no helmet)
rElec  .         Spirit   +     I - +5 cloak of Abstinence {MR+ SInv}
SustAb .         Warding  .     G - +0 pair of gloves
rMut   .         Stasis   .     (no boots)
Gourm  .                        (no amulet)
MR     ++...                    J - ring of magical power
                                p - ring of poison resistance

@: berserking (expiring), very slightly contaminated, hasted, very quick, very
resistant to hostile enchantments, extremely unstealthy
A: fangs 3, regeneration 2, magic shield, antimagic bite, no device heal 3, rot
immunity
a: Burn Spellbooks, Berserk, Trog's Hand, Brothers in Arms, Renounce Religion


You were on level 10 of the Dungeon.
You worshipped Trog.
Trog was exalted by your worship.
You were very hungry.

You visited 2 branches of the dungeon, and saw 11 of its levels.
You also visited: Sewer.

You collected 654 gold pieces.
You spent 253 gold pieces at shops.

Inventory:

Hand weapons
 a - a +2 antimagic broad axe (weapon)
Missiles
 l - 26 poisoned needles
 v - 2 throwing nets (quivered)
 z - 11 javelins
 C - 2 curare-tipped needles
Armour
 k - a +1 ring mail of cold resistance (worn)
 G - a +0 pair of gloves (worn)
 H - a +3 ring mail of fire resistance
 I - the +5 cloak of Abstinence (worn) {MR+ SInv}
   (You found it on level 8 of the Dungeon)

   It affects your resistance to hostile enchantments.
   It enhances your eyesight.
Magical devices
 y - a wand of magic darts (8)
 D - a wand of cold (10)
 F - a wand of frost (5)
Comestibles
 c - 5 bread rations
 h - 5 meat rations
Scrolls
 b - 4 scrolls of fear
 d - 2 scrolls of remove curse {unknown}
 e - a scroll of random uselessness {unknown}
 g - 2 scrolls of immolation
 m - 2 scrolls of magic mapping {unknown}
 o - 2 scrolls of amnesia {unknown}
 q - 4 scrolls of blinking
 s - 3 scrolls of teleportation
 u - 2 scrolls of recharging {unknown}
 A - a scroll of enchant armour {unknown}
 E - a scroll of fog {unknown}
Jewellery
 f - an uncursed ring of protection from fire
 i - an uncursed ring of see invisible
 n - an uncursed ring of positive energy
 p - a ring of poison resistance (left hand)
 J - a ring of magical power (right hand)
Potions
 j - 3 potions of brilliance
 r - 2 potions of flight
 t - a potion of invisibility
 w - 2 potions of might
 x - 2 potions of lignification
 B - 3 potions of curing
 K - a potion of magic {unknown}
 L - a potion of haste
 M - 2 potions of resistance
 N - a potion of cancellation
 O - 2 potions of berserk rage


   Skills:
 + Level 9.0 Fighting
 - Level 12.0 Axes
 - Level 5.0 Throwing
 - Level 1.5 Armour
 - Level 1.5 Dodging


You had 10 spell levels left.
You didn't know any spells.

Dungeon Overview and Level Annotations

Branches:
Dungeon (10/15)            Temple (1/1) D:5
    Orc: D:9-12        Lair: D:8-11

Altars:
Ashenzari
Cheibriados
Dithmenos
Elyvilon
Fedhas
Kikubaaqudgha
Nemelex Xobeh
Okawaru
Qazlal
Sif Muna
Trog
Vehumet
Yredelemnul
Zin
The Shining One

Shops:
D:8 !


Innate Abilities, Weirdness & Mutations

You have razor-sharp teeth.
You heal very quickly.
When hurt, damage is shared between your health and your magic reserves.
Your bite disrupts and absorbs the magic of your enemies.
Potions and wands cannot restore your health.
You are immune to rotting.

Vault maps used:
D:1:      scummos_arrival_forest
D:3:      gup_sewer_entry_pipe, first_bread
D:4:      overflow_temple_1_default, uniq_pikel, uniq_crazy_yiuf_cottage
D:5:      grunt_temple_overflow_champion_of_chaos, cheibrodos_ashenzari_chains,
          minmay_temple_entry_glass, serial_bayou_pond_d
D:6:      amethyst_overflow_temple_binary
D:7:      vehumet_altar_wand_db, uniq_edmund, uniq_prince_ribbit1,
          uniq_blork_the_orc
D:8:      minitemple, serial_shops, shop
D:9:      gammafunk_temple_overflow_wave, hangedman_fish_farm, nicolae_wwwww,
          nicolae_dithmenos_shadow_blocks
D:10:     cheibrodos_breeding_chamber, lair_0_dummy,
          minmay_large_rounded_square, bh_circular_ruins, uniq_erolcha,
          uniq_urug
Temple:   circular_temple_6
Sewer:    sewer_fruit_machine


Message History

You climb upwards.
There is a stone staircase leading down here.
You climb downwards.
There is a stone staircase leading up here.
A white ugly thing comes into view.
The white ugly thing gurgles horribly!
A white ugly thing comes into view.
The white ugly thing gurgles horribly!
Unknown command.
A brown ugly thing comes into view.
The brown ugly thing gurgles horribly!
A purple ugly thing comes into view.
A white ugly thing opens the door.
The white ugly thing basks in the mutagenic energy from its kin and changes!
Evoke which item? (* to show all) (? for menu, Esc to quit)
Okay, then.
Drink which item? (? for menu, Esc to quit)
You feel yourself speed up.
You are very lightly contaminated with residual magic.
Use which ability? (? or * to list)
A red film seems to cover your vision as you go berserk!
You feel yourself moving faster!
You feel mighty!
You feel somewhat more hungry.
You slice the white ugly thing!!
The white ugly thing is moderately wounded.
The white ugly thing pecks you. The white ugly thing freezes you! You resist.
Unknown command.
You slash the white ugly thing!
The white ugly thing is heavily wounded.
You barely miss the purple ugly thing.
The purple ugly thing tentacle-slaps you but does no damage.
The white ugly thing pecks you. The white ugly thing freezes you! You resist.
A purple ugly thing comes into view.
You hit the purple ugly thing.
The purple ugly thing is lightly wounded.
You completely miss the white ugly thing.
Your bite misses the white ugly thing.
The white ugly thing is heavily wounded.
A red ugly thing comes into view.
Unknown command.
You slash the purple ugly thing!
The purple ugly thing is moderately wounded.
You barely miss the white ugly thing. You bite the white ugly thing.
You drain its power.
You feel invigorated.
The white ugly thing is heavily wounded.
You are feeling very hungry.
The purple ugly thing basks in the mutagenic energy from you and changes!
The white ugly thing barely misses you.
You slash the white ugly thing!
The white ugly thing is moderately wounded.
You slice the white ugly thing!! Your bite misses the white ugly thing.
The white ugly thing is almost dead.
The white ugly thing pecks you. The white ugly thing freezes you! You resist.
Unknown command.
You closely miss the white ugly thing.
The white ugly thing is moderately wounded.
You slash the white ugly thing!
You kill the white ugly thing!
Trog accepts your kill.
Unknown command.
You barely miss the white ugly thing. You bite the white ugly thing.
You drain its power.
You feel invigorated.
The white ugly thing is heavily wounded.
The white ugly thing pecks you. The white ugly thing freezes you! You resist.
You slice the white ugly thing!! You bite the white ugly thing.
You drain its power.
You feel invigorated.
The white ugly thing is almost dead.
Unknown command.
You slash the white ugly thing!
You kill the white ugly thing!
Trog accepts your kill.
Your Fighting skill increases to level 9!
The purple ugly thing basks in the mutagenic energy from its kin and changes!
You see here an ugly thing corpse.
Unknown command.
You feel a strong urge to attack something.
You closely miss the red ugly thing. Your bite misses the red ugly thing.
You barely miss the red ugly thing.
Unknown command.
You slash the red ugly thing!
You bite the red ugly thing, but do no damage.
The red ugly thing is moderately wounded.
You slash the purple ugly thing!
The purple ugly thing is lightly wounded.
You barely miss the red ugly thing. The red ugly thing stings you.
You are engulfed in flames!
* * * LOW HITPOINT WARNING * * *
The red ugly thing stings you but does no damage.
The purple ugly thing stings you but does no damage.
Unknown command.
You slash the red ugly thing!
The red ugly thing is lightly wounded.
You hit the purple ugly thing.
The purple ugly thing is moderately wounded.
You slash the red ugly thing!
The red ugly thing is moderately wounded.
The red ugly thing stings you.
* * * LOW HITPOINT WARNING * * *
You are engulfed in flames!!
You die...

#....#...##...)...........#
#...[#.§. ##..............#
#....).#§ §#.))......####.#
#......##§§§.#.<.....#
####...)...##§..#.......#
#.##...#.......##.......#
'..#...##...)###........#
#.......##).............#
####...........u@%......#
#...........uu.......#
#...:................#
#....................#
#...............<....#
#....................#
#....................#
#....................#
#....................#


You could see 3 ugly things.

Table legend:
 A = Kills in this place as a percentage of kills in entire the game.
 B = Kills by you in this place as a percentage of kills by you in the entire game.
 C = Kills by friends in this place as a percentage of kills by friends in the entire game.
 D = Other kills in this place as a percentage of other kills in the entire game.
 E = Experience gained in this place as a percentage of experience gained in the entire game.
 F = Experience gained in this place divided by the number of levels of this place that you have seen.
                   A       B       C       D       E      F
               +-------+-------+-------+-------+-------+----------------------
         Total | 100.0 | 100.0 |  -nan |  -nan | 100.0 | 914.5
       Dungeon |  92.0 |  92.0 |  -nan |  -nan |  99.3 | 1090.1
         Sewer |   8.0 |   8.0 |  -nan |  -nan |   0.7 |  73.0
               +-------+-------+-------+-------+-------+----------------------

Vanquished Creatures
  Urug (D:10)
  Pikel (D:4)
  2 hill giants (D:10)
  2 ugly things (D:10)
  Prince Ribbit (D:7)
  A hill giant zombie (D:9)
  2 hippogriffs (D:7)
  A steam dragon (D:9)
  A hungry ghost (D:10)
  Edmund (D:7)
  4 ice beasts
  A water moccasin (D:7)
  2 sky beasts
  A slave (D:4)
  2 orc warriors
  3 centaurs
  A yellow wasp (D:10)
  6 ogres
  A phantom (D:7)
  Blork the orc (D:7)
  2 giant frogs
  6 killer bees
  4 wights (D:9)
  A quasit (D:9)
  A giant frog zombie (D:7)
  3 crimson imps (D:9)
  An elf zombie (D:9)
  A giant frog skeleton (D:4)
  6 hounds
  Crazy Yiuf (D:4)
  4 iguanas
  5 orc priests
  A jelly (D:8)
  8 worker ants
  9 orc wizards
  An ogre zombie (D:3)
  2 ogre skeletons
  A big kobold skeleton (D:10)
  A human simulacrum (D:10)
  A worker ant zombie (D:5)
  4 gnolls
  11 adders
  An orc skeleton (D:9)
  2 shadow imps
  6 giant mites
  5 worms
  An adder skeleton (D:9)
  12 giant geckos
  3 oozes (Sewer)
  29 orcs
  A ball python (D:4)
  23 bats
  A bat skeleton (D:4)
  8 giant cockroaches
  21 hobgoblins
  12 jackals
  18 kobolds
  5 quokkas
  A giant gecko skeleton (D:5)
  6 giant newts
  10 goblins
  A jackal zombie (D:7)
  13 rats
288 creatures vanquished.

Vanquished Creatures (others)
  An ogre (D:4)
  A human simulacrum (D:10)
  A quokka (D:4)
3 creatures vanquished.

Grand Total: 291 creatures vanquished

Notes
Turn   | Place    | Note
--------------------------------------------------------------
     0 | D:1      | magipi, the Vine Stalker Berserker, began the quest for the Orb.
     0 | D:1      | Reached XP level 1. HP: 11/11 MP: 1/1
   113 | D:2      | Reached skill level 3 in Axes
   132 | D:2      | Reached XP level 2. HP: 16/16 MP: 3/3
   174 | D:2      | Reached XP level 3. HP: 3/19 MP: 4/4
   334 | D:1      | Acquired Trog's second power
   346 | D:1      | Reached skill level 4 in Axes
   464 | D:2      | Reached XP level 4. HP: 23/23 MP: 5/5
   657 | D:3      | Noticed an ogre
   675 | D:3      | Killed an ogre
   675 | D:3      | Reached skill level 5 in Axes
   675 | D:3      | Reached XP level 5. HP: 27/27 MP: 7/7
   963 | D:3      | Found a glowing drain.
   972 | D:3      | Gained mutation: You heal very quickly. [vine stalker growth]
   972 | D:3      | Reached XP level 6. HP: 29/32 MP: 8/8
   974 | Sewer    | Entered a sewer
   982 | Sewer    | Reached skill level 6 in Axes
  1224 | Sewer    | Acquired Trog's third power
  1976 | D:4      | Reached skill level 7 in Axes
  1976 | D:4      | Reached XP level 7. HP: 27/35 MP: 6/9
  2017 | D:4      | Noticed Pikel
  2065 | D:4      | Killed Pikel
  2065 | D:4      | Reached skill level 9 in Axes
  2065 | D:4      | Gained mutation: You have razor-sharp teeth. [vine stalker growth]
  2065 | D:4      | Reached XP level 8. HP: 39/39 MP: 9/11
  2273 | D:4      | Found a sparkling altar of Nemelex Xobeh.
  2339 | D:4      | Noticed Crazy Yiuf
  2345 | D:4      | Killed Crazy Yiuf
  2437 | D:5      | Entered Level 5 of the Dungeon
  2441 | D:5      | Received a gift from Trog
  2602 | D:5      | Found a staircase to the Ecumenical Temple.
  2624 | Temple   | Entered the Ecumenical Temple
  2809 | D:5      | Reached skill level 10 in Axes
  2949 | D:5      | Found a shattered altar of Ashenzari.
  2962 | D:5      | Reached XP level 9. HP: 37/43 MP: 4/12
  3518 | D:6      | Reached skill level 11 in Axes
  3727 | D:7      | Noticed Edmund
  3740 | D:7      | Killed Edmund
  3770 | D:7      | Noticed Blork the orc
  3787 | D:7      | Killed Blork the orc
  3818 | D:7      | Reached skill level 12 in Axes
  3830 | D:7      | Received a gift from Trog
  3841 | D:7      | Reached skill level 1 in Throwing
  3852 | D:7      | Got a transparent cloak
  3863 | D:7      | Identified the +0 cloak of the Saviour {rC+} (You found it on level 7 of the Dungeon)
  3892 | D:7      | Found a radiant altar of Vehumet.
  3928 | D:7      | Noticed Prince Ribbit
  3987 | D:8      | Got a pitted cloak
  4002 | D:8      | Identified the +5 cloak of Abstinence {MR+ SInv} (You found it on level 8 of the Dungeon)
  4084 | D:7      | Killed Prince Ribbit
  4084 | D:7      | Reached XP level 10. HP: 42/49 MP: 3/13
  4235 | D:6      | Found a white marble altar of Elyvilon.
  4245 | D:6      | Found a snail-covered altar of Cheibriados.
  4484 | D:8      | Found Unuimpun's Distillery.
  4494 | D:8      | Bought a potion of haste for 91 gold pieces
  4494 | D:8      | Bought a potion of resistance for 91 gold pieces
  4494 | D:8      | Bought a potion of cancellation for 71 gold pieces
  4503 | D:8      | Found a blossoming altar of Fedhas.
  4509 | D:8      | Found a bloodstained altar of Trog.
  4744 | D:9      | Reached skill level 5 in Fighting
  4995 | D:9      | Found a shadowy altar of Dithmenos.
  5047 | D:9      | Received a gift from Trog
  5088 | D:9      | Found a deep blue altar of Sif Muna.
  5088 | D:9      | Found an ancient bone altar of Kikubaaqudgha.
  5359 | D:9      | Reached skill level 5 in Throwing
  5369 | D:10     | Entered Level 10 of the Dungeon
  5407 | D:10     | Noticed a hill giant
  5417 | D:10     | Killed a hill giant
  5429 | D:10     | Noticed Urug
  5484 | D:10     | Killed Urug
  5561 | D:10     | Noticed a hill giant
  5566 | D:10     | Killed a hill giant
  5566 | D:10     | Reached XP level 11. HP: 55/60 MP: 5/15
  5722 | D:10     | Noticed a white ugly thing
  5723 | D:10     | Noticed a white ugly thing
  5724 | D:10     | Noticed a brown ugly thing
  5725 | D:10     | Noticed a purple ugly thing
  5746 | D:10     | Noticed a purple ugly thing
  5747 | D:10     | Noticed a red ugly thing
  5749 | D:10     | Killed a white ugly thing
  5752 | D:10     | Killed a white ugly thing
  5757 | D:10     | Slain by a red ugly thing

Action                   |  1- 3 |  4- 6 |  7- 9 | 10-12 || total
-------------------------+-------+-------+-------+-------++-------
Melee: Hand axe          |    54 |    50 |       |       ||   104
       War axe           |       |   147 |    59 |       ||   206
       Broad axe         |       |       |   161 |   176 ||   337
Invok: Berserk           |     1 |     2 |     7 |     7 ||    17
       Trog's Hand       |       |       |       |     1 ||     1
Evoke: Wand              |       |       |     2 |     3 ||     5
  Use: Scroll            |       |     7 |     8 |       ||    15
       Potion            |       |     1 |       |     1 ||     2
  Eat: Chunk             |       |     5 |     6 |     2 ||    13
       Pizza             |       |     1 |     1 |       ||     2
       Fruit             |       |       |     4 |       ||     4
       Meat ration       |       |       |     1 |     1 ||     2
       Beef jerky        |       |       |       |     3 ||     3

Action                   |  1- 3 |  4- 6 |  7- 9 | 10-12 || total
-------------------------+-------+-------+-------+-------++-------
Melee: Hand axe          |    54 |    50 |       |       ||   104
       War axe           |       |   147 |    59 |       ||   206
       Broad axe         |       |       |   161 |   176 ||   337
Invok: Berserk           |     1 |     2 |     7 |     7 ||    17
       Trog's Hand       |       |       |       |     1 ||     1
Evoke: Wand              |       |       |     2 |     3 ||     5
  Use: Scroll            |       |     7 |     8 |       ||    15
       Potion            |       |     1 |       |     1 ||     2
  Eat: Chunk             |       |     5 |     6 |     2 ||    13
       Pizza             |       |     1 |     1 |       ||     2
       Fruit             |       |       |     4 |       ||     4
       Meat ration       |       |       |     1 |     1 ||     2
       Beef jerky        |       |       |       |     3 ||     3

Action                   |  1- 3 |  4- 6 |  7- 9 | 10-12 || total
-------------------------+-------+-------+-------+-------++-------
Melee: Hand axe          |    54 |    50 |       |       ||   104
       War axe           |       |   147 |    59 |       ||   206
       Broad axe         |       |       |   161 |   176 ||   337
Invok: Berserk           |     1 |     2 |     7 |     7 ||    17
       Trog's Hand       |       |       |       |     1 ||     1
Evoke: Wand              |       |       |     2 |     3 ||     5
  Use: Scroll            |       |     7 |     8 |       ||    15
       Potion            |       |     1 |       |     1 ||     2
  Eat: Chunk             |       |     5 |     6 |     2 ||    13
       Pizza             |       |     1 |     1 |       ||     2
       Fruit             |       |       |     4 |       ||     4
       Meat ration       |       |       |     1 |     1 ||     2
       Beef jerky        |       |       |       |     3 ||     3
